 Dungeon Crawl Stone Soup version 0.30-b1-2-g02819fbbbe (webtiles) character file.

Game seed: 9614199252082006232

8 Alarkh the Insei (level 2, 21/21 HPs)
             Began as a Demonspawn Transmuter on July 6, 2023.
             Got out of the dungeon alive.
             The game lasted 00:00:21 (597 turns).

Alarkh the Insei (Demonspawn Transmuter)             Turns: 597, Time: 00:00:22

Health: 21/21      AC:  2    Str: 10    XL:     2   Next: 0%
Magic:  5/5        EV: 12    Int: 14    God:
Gold:   29         SH:  0    Dex: 13    Spells: 4/5 levels left

rFire   . .          .
                       - Unarmed
rCold   . . .        (no shield)
rNeg    . . .        a - +0 robe
rPois   .            (no helmet)
rElec   .            (no cloak)
rCorr   .            (no gloves)
SInv    .            (no boots)
Will    .....        c - amulet of magic regeneration
Stlth   +            (no ring)
HPRegen 0.23/turn    (no ring)
MPRegen 0.58/turn

%: no passive effects
@: no status effects
A: magic regeneration
a: no special abilities


You escaped.
You visited 1 branch of the dungeon, and saw 1 of its levels.

You collected 29 gold pieces.

Inventory:

Armour
 a - a +0 robe (worn)
Jewellery
 c - an amulet of magic regeneration (around neck)
 f - a +5 ring of evasion
Scrolls
 d - a scroll of noise {unknown}
 g - a scroll of fog {unknown}
Potions
 b - a potion of lignification
 e - a potion of curing {unknown}


   Skills:
 - Level 1.0 Fighting
 - Level 1.7 Dodging
 + Level 3.2 Unarmed Combat
 - Level 2.0 Spellcasting
 - Level 1.7 Transmutations


You had 4 spell levels left.
You knew the following spells:

 Your Spells              Type           Power      Damage    Failure   Level
a - Beastly Appendage     Tmut           12%        N/A       12%         1

Your spell library contained the following spells:

 Spells                   Type           Power      Damage    Failure   Level
 Wereblood                Tmut           6%         N/A       17%         2
 Spider Form              Tmut/Pois      3%         N/A       45%         3
 Ice Form                 Ice/Tmut       3%         N/A       86%         4


Dungeon Overview and Level Annotations

Branches:
Dungeon (1/15)

Altars:


Innate Abilities, Weirdness & Mutations

You regenerate magic rapidly.


Message History

e - a ruby potion Your horns disappear.
Your talons disappear.
A hobgoblin comes into view.
A hobgoblin is nearby!
A hobgoblin is nearby!
The hobgoblin shouts!
Casting: Beastly Appendage (safe; 12% risk of failure)
Confirm with . or Enter, or press ? or * to list all spells.
You grow a pair of large bovine horns.
Your feet morph into talons.
Unknown command.
The hobgoblin hits you but does no damage.
You hit the hobgoblin.
You headbutt the hobgoblin, but do no damage.
The hobgoblin is almost dead.
Your transformation is almost over.
The hobgoblin closely misses you.
You hit the hobgoblin but do no damage. Your kick misses the hobgoblin.
Your headbutt misses the hobgoblin.
The hobgoblin is almost dead.
The hobgoblin hits you.
You barely miss the hobgoblin. You claw the hobgoblin.
You kill the hobgoblin!
You have reached level 2!
Your demonic ancestry asserts itself...
Your magic begins to regenerate rapidly.
Your horns disappear.
Your talons disappear.
Found 5 stones.
Found an escape hatch in the floor.
You now have 29 gold pieces (gained 19).
f - a +5 ring of evasion
Found 4 stones.
No target in view!
g - a scroll labelled QASCHE IQEHO You see here a quokka skeleton.
Done exploring.
Done exploring.
Done exploring.
There is a staircase leading out of the dungeon here.
Are you sure you want to leave the Dungeon?
This will make you lose the game!
You have escaped!

.### ##.#....### #.###.....# #...
.# #.........# #.# #.###.# #.##
.# #.........# #.###.###.###.##
.# #...).....###...........)...
.######.#...#.........#.#..###.#.
..............#####.....#..# #...
#.#####.#....#.....#.......# ###.
#.# #.##..#.......#....### ## #.#
#....#....@....#..## #.#
#.##..#.......#..## #.#
#......#.....#..## #.#
#.......#####..### #.##
####.##..........# ...##
#.....###...###.# ....# #.>...#
##>.###.# ...## #.....# #....#.#
#.#### #.....# ##.#.#.#


There were no monsters in sight!

Vanquished Creatures
  An endoplasm (D:1)
  A hobgoblin (D:1)
  A kobold (D:1)
  A quokka (D:1)
  A bat (D:1)
  A frilled lizard (D:1)
  2 rats (D:1)
8 creatures vanquished.

Notes
Turn   | Place    | Note
-------+----------+-------------------------------------------
     0 | D:1      | Alarkh the Demonspawn Transmuter began the quest for the
                  | Orb.
     0 | D:1      | Reached XP level 1. HP: 15/15 MP: 3/3
   104 | D:1      | Reached skill level 3 in Unarmed Combat
   311 | D:1      | Gained mutation: You regenerate magic rapidly. [demonic
                  | ancestry]
   311 | D:1      | Reached XP level 2. HP: 18/21 MP: 5/5
   597 | D:$      | Got out of the dungeon alive.

Illustrated notes

Levels and vault maps discovered:
D:1:      scummos_arrival_hexagon, layout_loops_cross, minivault_14

Skill      XL: |  1 |
---------------+----+-----
Unarmed Combat | 3 |  3.2
Fighting       | |  1.0
Dodging        | |  1.7
Spellcasting   | |  2.0
Transmutations | |  1.7

Action                     || total
---------------------------++-------
  Melee: Unarmed           ||    15
         Kick              ||     5
         Headbutt          ||     2
   Cast: Beastly Appendage ||     5
 Armour: Robe              ||     1
  Dodge: Dodged            ||    10
